Match 42590661
Unlisted

Match 42590661
End
Construct Barracks
Riflemen Squad
1⁄4-ton 4x4 Truck
Selects Armored Battlegroup
Selects Veteran Crews
Riflemen Squad
Riflemen Squad
Infantry Support Center
Construct Motor Pool
M8 Greyhound Armored Car
M1 Anti-tank Gun Team
M1 Anti-tank Gun Team
Construct Medical Station
Grenade Package
Selects M31 Recovery Vehicle
Engineer Squad
M1918 Browning Automatic Rifles
Selects Fast Deploy
Selects M8 Scott SPG
M24 Chaffee Light Tank
Selects M4A3E8 Sherman Combat Group
M4A3E8 Sherman Combat Group
Riflemen Squad
SaltyCake
Nubbl0r
0
0

Comments sign in to comment!

No comments posted yet!